 Dungeon Crawl Stone Soup version 0.29-a0-459-g97dee8cd24 (webtiles) character file.

Game seed: 12652526885472600949

318 siradein the Grave Robber (level 6, -1/41 HPs)
             Began as a Vampire Necromancer on May 20, 2022.
             Killed from afar by Dowan (10 damage)
             ... with a stone arrow
             ... on level 4 of the Dungeon.
             The game lasted 00:09:18 (3543 turns).

siradein the Grave Robber (Vampire Necromancer)     Turns: 3543, Time: 00:09:19

Health: -1/41      AC:  5    Str:  7    XL:     6   Next: 21%
Magic:  0/12       EV: 12    Int: 20    God:
Gold:   184        SH:  5    Dex: 14    Spells: 6/14 levels left

rFire   . . .      SeeInvis +   l - +9 short sword "Jaetraeleu" {vorpal, Will+}
rCold   . . .      Faith    .   (no shield)
rNeg    . . .      Spirit   .   a - +0 robe
rPois   .          Reflect  +   g - +2 hat
rElec   .          Harm     .   i - +0 cloak
rCorr   .          Rampage  .   (no gloves)
Will    +....                   (no boots)
Stlth   ++........              c - amulet of reflection
HPRegen 0.33/turn               (no ring)
MPRegen 0.13/turn               (no ring)

@: lethally poisoned (-1 -> -15), healing quickly
A: alive, fangs 3, see invisible, vampiric 2
a: Exsanguinate


You were on level 4 of the Dungeon.
You visited 1 branch of the dungeon, and saw 4 of its levels.

You collected 184 gold pieces.

Inventory:

Hand Weapons
 l - the +9 short sword "Jaetraeleu" (weapon) {vorpal, Will+}
   (You found it on level 2 of the Dungeon)

   It inflicts extra damage upon your enemies.
   Will:      It increases your willpower.
Missiles
 e - a throwing net
Armour
 a - a +0 robe (worn)
 g - a +2 hat (worn)
 i - a +0 cloak (worn)
Jewellery
 c - an amulet of reflection (around neck)
Scrolls
 j - a scroll of identify {unknown}
 k - a scroll of fog {unknown}
 m - 2 scrolls of immolation {unknown}
Potions
 b - 2 potions of magic
 d - 2 potions of curing {unknown}
 f - a potion of attraction {unknown}
 h - 2 potions of heal wounds {unknown}
 n - a potion of flight {unknown}
 o - a potion of haste {unknown}
 p - a potion of might {unknown}


   Skills:
 - Level 2.1 Dodging
 - Level 3.0 Stealth
 + Level 4.5 Spellcasting
 + Level 6.6 Necromancy


You had 6 spell levels left.
You knew the following spells:

 Your Spells              Type           Power      Damage    Failure   Level
a - Necrotize             Necr           100%       1d9       1%          1
b - Vampiric Draining     Necr           31%        2d8       2%          3
c - Animate Dead          Necr           31%        N/A       8%          4

Your spell library contained the following spells:

 Spells                   Type           Power      Damage    Failure   Level
 Agony                    Necr           31%        N/A       22%         5


Dungeon Overview and Level Annotations

Branches:
Dungeon (4/15)
 Temple: D:4-7

Altars:
Cheibriados

Annotations:
D:4 Dowan


Innate Abilities, Weirdness & Mutations

Your natural rate of healing is accelerated.
You have razor-sharp teeth.
You have supernaturally acute eyesight. (SInv)
You are afflicted with vampirism and can become a bat while bloodless.


Message History

Press: ? - help, Shift-Dir - straight line, f - Duvessa
Aim: Duvessa, wielding a +1 short sword of venom and wearing a +0 scale mail (fast)
You draw life force from Duvessa.
You feel life coursing into your body.
You feel very sick. Duvessa misses you.
Casting: Vampiric Draining (dangerous; 2% risk of failure)
Confirm with . or Enter, or press ? or * to list all spells.
Aiming: Vampiric Draining (dangerous; 2% risk of failure)
Press: ? - help, Shift-Dir - straight line, f/p - Duvessa
Aim: Duvessa, wielding a +1 short sword of venom and wearing a +0 scale mail (lightly wounded, fast)
You draw life force from Duvessa.
You feel life coursing into your body.
You feel sick. You block Duvessa's attack. Duvessa barely misses you.
Unknown command.
Unknown command.
Casting: Vampiric Draining (dangerous; 2% risk of failure)
Confirm with . or Enter, or press ? or * to list all spells.
Aiming: Vampiric Draining (dangerous; 2% risk of failure)
Press: ? - help, Shift-Dir - straight line, f/p - Duvessa
Aim: Duvessa, wielding a +1 short sword of venom and wearing a +0 scale mail (moderately wounded, fast)
You draw life force from Duvessa!
You feel life coursing into your body.
You feel sick. Duvessa barely misses you.
Unknown command.
Casting: Vampiric Draining (dangerous; 2% risk of failure)
Confirm with . or Enter, or press ? or * to list all spells.
Aiming: Vampiric Draining (dangerous; 2% risk of failure)
Press: ? - help, Shift-Dir - straight line, f/p - Duvessa
Aim: Duvessa, wielding a +1 short sword of venom and wearing a +0 scale mail (severely wounded, fast)
You draw life force from Duvessa!
You feel life coursing into your body.
You feel sick.
Duvessa hits you with a +1 short sword of venom!
You are lethally poisoned!
You hit Duvessa.
You kill Duvessa!
Dowan seems overcome with grief.
Dowan seems to find hidden reserves of power!
* * * LOW HITPOINT WARNING * * *
You feel very sick.
Dowan points at you and mumbles some strange words.
The stone arrow hits you!
You die...

#...e......##..#..#
##.........##..##..#
#... #.#...##..#...#
###..###.#..##..##.#.#
#.....#.....#..##....#
#.......##..#..##._..#
#..#....###.#..##....#
######...e..##..##...#
#####...#@)##†.##
#...##e.#.##
##........# #....#####
######


You could see Dowan (fast).

Vanquished Creatures
  A water moccasin (D:3)
  Duvessa (D:4)
  Blork the orc (D:4)
  An orc wizard (D:4)
  5 adders
  A worm (D:2)
  A dart slug (D:3)
  3 orcs
  5 ball pythons
  An endoplasm (D:2)
  3 giant cockroaches
  4 goblins
  10 hobgoblins
  8 jackals
  A bat (D:1)
  2 frilled lizards
  5 kobolds
  5 rats
58 creatures vanquished.

Vanquished Creatures (collateral kills)
  2 endoplasms
  A jackal (D:2)
  2 goblins
  A rat (D:2)
6 creatures vanquished.

Grand Total: 64 creatures vanquished

Notes
Turn   | Place    | Note
-------+----------+-------------------------------------------
     0 | D:1      | siradein the Vampire Necromancer began the quest for the
                  | Orb.
     0 | D:1      | Reached XP level 1. HP: 13/13 MP: 3/3
   275 | D:1      | Reached XP level 2. HP: 19/19 MP: 0/5
  1006 | D:2      | Gained mutation: You are afflicted with vampirism and can
                  | become a bat while bloodless. [Vampire growth]
  1006 | D:2      | Reached XP level 3. HP: 23/24 MP: 4/7
  1010 | D:2      | Learned a level 3 spell: Vampiric Draining
  1040 | D:2      | Reached skill level 5 in Necromancy
  1398 | D:2      | Reached XP level 4. HP: 30/30 MP: 5/8
  1440 | D:2      | Learned a level 4 spell: Animate Dead
  1827 | D:2      | Identified the +9 short sword "Jaetraeleu" {vorpal, Will+}
  2270 | D:3      | Found a faded altar of an unknown god.
  2935 | D:4      | Noticed Blork the orc
  2976 | D:4      | Noticed a water moccasin
  2985 | D:3      | Killed a water moccasin
  2986 | D:3      | Reached skill level 6 in Necromancy
  2986 | D:3      | Reached XP level 5. HP: 19/35 MP: 1/11
  3284 | D:4      | Killed Blork the orc
  3285 | D:4      | Reached XP level 6. HP: 39/41 MP: 5/12
  3458 | D:4      | Found a snail-covered altar of Cheibriados.
  3484 | D:4      | Noticed Duvessa
  3484 | D:4      | Noticed Dowan
  3543 | D:4      | Killed Duvessa
  3543 | D:4      | Killed from afar by Dowan

Illustrated notes

Levels and vault maps discovered:
D:1:      lemuel_arrival_river_bridge, layout_loops_ring
D:2:      layout_basic, minmay_pentomino_x2
D:3:      layout_basic, hellmonk_ecumenical_altar_crossroads
D:4:      layout_cave_pools, mainiacjoe_overflow_catch_the_wave, serial_shops,
          kennysheep_mini_moat, uniq_blork_the_orc, uniq_duvessa

Skill      XL: |  1  2  3  4 |
---------------+-------------+-----
Necromancy     | 5 6 |  6.6
Spellcasting   | 3 4 |  4.5
Dodging        | |  2.1
Stealth        | |  3.0

Action                   |  1- 3 |  4- 6 || total
-------------------------+-------+-------++-------
Melee: Unarmed           |    17 |       ||    17
       Club              |    18 |       ||    18
       Bite              |     3 |     4 ||     7
       Short sword       |       |    25 ||    25
 Cast: Necrotize         |    55 |    40 ||    95
       Vampiric Draining |       |     7 ||     7
 Stab: Sleeping          |       |     1 ||     1
Armor: Robe              |    11 |    13 ||    24
Dodge: Dodged            |    31 |    23 ||    54
Block: Other             |    19 |     6 ||    25

Table legend: (Time is in decaauts)
 A = Elapsed time spent in this place.
 B = Non-inter-level travel time spent in this place.
 C = Inter-level travel time spent in this place.
 D = Time resting spent in this place.
 E = Time spent auto-exploring this place.
 F = Levels seen in this place.
 G = Mean time per level.
                   A        B        C        D        E       F      G
               +--------+--------+--------+--------+--------+-----+--------+
         Total |   3553 |   3450 |    103 |    150 |   2819 |   4 |  888.2 |
       Dungeon |   3553 |   3450 |    103 |    150 |   2819 |   4 |  888.2 |
               +--------+--------+--------+--------+--------+-----+--------+

Top non-repeatable levels by time:
     D:3: 1166 daAuts
     D:1: 1002 daAuts
     D:2: 913 daAuts
     D:4: 471 daAuts
